 Dungeon Crawl Stone Soup version 0.24.0-123-gd5b16e6ec5 (webtiles) character file.

Game seed: 17159619206965575348, levelgen mode: deterministic

28 Peloso the Shield-Bearer (level 2, 27/27 HPs)
             Began as a Minotaur Fighter on Dec 20, 2019.
             Got out of the dungeon alive.
             The game lasted 00:01:21 (469 turns).

Peloso the Shield-Bearer (Minotaur Fighter)          Turns: 469, Time: 00:01:23

Health: 27/27      AC:  8    Str: 20    XL:     2   Next: 96%
Magic:  1/1        EV:  7    Int:  2    God:
Gold:   40         SH:  9    Dex:  9    Spells: 1/1 levels left

rFire    . . .     SeeInvis .   a - +0 long sword
rCold    . . .     Gourm    .   c - +0 shield
rNeg     . . .     Faith    .   b - +0 scale mail
rPois    .         Spirit   .   (helmet restricted)
rElec    .         Reflect  .   (no cloak)
rCorr    .         Harm     .   (no gloves)
MR       .....                  l - +0 pair of boots
Stlth    ..........             (no amulet)
HPRegen  0.09/turn              g - -3 ring of intelligence (curse)
MPRegen  0.07/turn              (no ring)

@: no status effects
A: retaliatory headbutt, hooves 1, horns 2, subdued magic 2
a: no special abilities


You escaped.
You were not hungry.

You visited 1 branch of the dungeon, and saw 1 of its levels.

You collected 40 gold pieces.

Inventory:

Hand Weapons
 a - a +0 long sword (weapon)
 h - a +2 dagger of draining
Armour
 b - a +0 scale mail (worn)
 c - a +0 shield (worn)
 l - a +0 pair of boots (worn)
Jewellery
 g - a cursed -3 ring of intelligence (left hand)
Scrolls
 e - a scroll of remove curse {unknown}
 i - a scroll of immolation {unknown}
Potions
 d - 2 potions of might
Comestibles
 f - 3 rations


   Skills:
 + Level 4.0 Fighting
 + Level 2.8 Long Blades
 + Level 3.9 Armour
 + Level 4.2 Shields


You had one spell level left.
You didn't know any spells.
Your spell library was empty.

Dungeon Overview and Level Annotations

Branches:
Dungeon (1/15)

Altars:


Innate Abilities, Weirdness & Mutations

You reflexively headbutt those who attack you in melee.
You have a pair of horns on your head.
You have large cloven feet.
Your spells are easier to cast, but less powerful.


Message History

Okay, then.
You see here 16 stones.
A kobold comes into view. It is wielding a +0 short sword.
The kobold shouts!
Found a bubbling clear potion.
The kobold hits you but does no damage.
You slash the kobold!
You kill the kobold!
You see here a +0 short sword.
You open the door.
There is an open door here.
There is an open door here.
You see here a bat corpse.
There is an open door here.
There is a staircase leading out of the dungeon here.
Are you sure you want to leave the Dungeon?
This will make you lose the game!
Alright, then stay!
You can't go down here!
Are you sure you want to leave the Dungeon?
This will make you lose the game!
You have escaped!

### ##.....# #.# # ..#
#.....# #.# ..# #.....#
#.# (.# #.....# #.# ..#
#...#.# #.#
..########...#.#######.#
.........#...#†#.....#.#
.........#...#.#.....#.#
#........#####.#@......#
#........#####†#.....#.#
#.......)...^#.#.....#.#
#............#.#######.#
#######..!...#.........#
########...####### #...#
#...# #...#


There were no monsters in sight!

Vanquished Creatures
  A dart slug (D:1)
  5 bats (D:1)
  3 giant cockroaches (D:1)
  3 goblins (D:1)
  A hobgoblin (D:1)
  6 jackals (D:1)
  3 kobolds (D:1)
22 creatures vanquished.

Notes
Turn   | Place    | Note
-------+----------+-------------------------------------------
     0 | D:1      | Peloso the Minotaur Fighter began the quest for the Orb.
     0 | D:1      | Reached XP level 1. HP: 19/19 MP: 0/0
   101 | D:1      | Reached XP level 2. HP: 24/27 MP: 1/1
   390 | D:1      | Gained mutation: Your spells are a little easier to cast,
                  | but a little less powerful. [potion of mutation]
   390 | D:1      | Gained mutation: Your spells are easier to cast, but less
                  | powerful. [potion of mutation]
   390 | D:1      | Gained mutation: You have large cloven feet. [potion of
                  | mutation]
   469 | D:$      | Got out of the dungeon alive.

Levels and vault maps discovered:
D:1:      minmay_arrival_checkered_box, layout_basic, kennysheep_another_room

Skill      XL: |  1  2 |
---------------+-------+-----
Shields        | 4 |  4.2
Fighting       | 4 |  4.0
Long Blades    | |  2.8
Armour         | |  3.9

Action                   || total
-------------------------++-------
Melee: Long sword        ||    54
       Headbutt          ||     7
  Use: Potion            ||     2
Armor: Scale mail        ||    37
Dodge: Dodged            ||    19
Block: Shield            ||    44
       Rpst.: Long sword ||     2
